 Dungeon Crawl Stone Soup version 0.23.2-30-g0e89c35649 (webtiles) character file.

Game seed: 17768927086793056970

482 Grothbar the Ruffian (level 7, -1/56 HPs)
             Began as a Ghoul Gladiator on June 15, 2019.
             Was an Initiate of Trog.
             Slain by an ogre
             ... wielding a +0 giant club
              (8 damage)
             ... on level 5 of the Dungeon.
             The game lasted 00:14:29 (4207 turns).

Grothbar the Ruffian (Ghoul Gladiator)              Turns: 4207, Time: 00:14:30

Health: -1/56      AC:  8    Str: 20    XL:     7   Next: 12%
Magic:  6/6        EV: 12    Int:  6    God:    Trog [......]
Gold:   243        SH:  0    Dex: 10    Spells: 6/6 levels left

rFire    . . .     SeeInvis .     - Unarmed
rCold    + . .     Gourm    .   (no shield)
rNeg     + + +     Faith    .   a - +0 leather armour
rPois    ∞         Spirit   .   b - +0 helmet
rElec    .         Reflect  .   (no cloak)
rCorr    .         Harm     .   q - +0 pair of gloves
MR       .....                  e - +2 pair of boots
Stlth    ++........             (no amulet)
HPRegen  0.00/turn              k - +3 ring of intelligence
MPRegen  0.10/turn              (no ring)

@: rotting
A: rotting body, claws 1, carnivore, cold resistance 1, negative energy
resistance 3, inhibited regeneration, torment resistance, unbreathing
a: Renounce Religion


You were on level 5 of the Dungeon.
You worshipped Trog.
Trog was noncommittal.
You were not hungry.

You visited 1 branch of the dungeon, and saw 6 of its levels.

You collected 243 gold pieces.

Inventory:

Missiles
 c - 3 throwing nets (quivered)
Armour
 a - a +0 leather armour (worn)
 b - a +0 helmet (worn)
 e - a +2 pair of boots (worn)
 q - a +0 pair of gloves (worn)
 w - a +0 scale mail of poison resistance
Jewellery
 k - a +3 ring of intelligence (left hand)
Wands
 u - a wand of iceblast (17)
Scrolls
 h - a scroll of magic mapping {unknown}
 j - a scroll of fog {unknown}
 l - a scroll of amnesia {unknown}
 m - a scroll of blinking {unknown}
 p - 3 scrolls of identify {unknown}
 r - a scroll of remove curse {unknown}
 v - 5 scrolls of enchant weapon {unknown}
 x - 2 scrolls of teleportation {unknown}
Potions
 f - a potion of haste {unknown}
 g - 4 potions of curing
 i - 3 potions of heal wounds {unknown}
 n - a potion of flight {unknown}
 o - 3 potions of mutation {unknown}
 s - a potion of brilliance {unknown}
 z - a potion of degeneration {unknown}
Comestibles
 d - 8 rations


   Skills:
 + Level 2.7 Fighting
 - Level 1.8 Throwing
 - Level 0.5 Armour
 - Level 3.5 Dodging
 * Level 3.5 Stealth
 + Level 7.0 Unarmed Combat


You had 6 spell levels left.
You didn't know any spells.
Your spell library was empty.

Dungeon Overview and Level Annotations

Branches:
Dungeon (6/15)
 Temple: D:4-7

Altars:
Dithmenos
Fedhas
Gozag
Trog

Annotations:
D:5 Dowan, Duvessa


Innate Abilities, Weirdness & Mutations

Your body is rotting away.
You thrive on raw meat.
You are immune to poison.
You have sharp fingernails.
You are carnivorous and can eat meat at any time.
Your flesh is cold resistant. (rC+)
You are immune to negative energy. (rN+++)
You do not regenerate when monsters are visible.
You are immune to unholy pain and torment.
You can survive without breathing.


Message History

You miss the water moccasin.
The water moccasin is moderately wounded.
The water moccasin bites you but does no damage.
The ogre hits you with a +0 giant club!
* * * LOW HITPOINT WARNING * * *
The water moccasin closely misses you.
All of the chunks of flesh in your inventory have rotted away.
The water moccasin bites you but does no damage.
There is a stone staircase leading up here.
The ogre closely misses you.
You climb upwards.
Level annotation: Dowan, Duvessa The leopard gecko zombie bites you but does no damage.
Duvessa hits you but does no damage.
There is a stone staircase leading down here.
Dowan points at Duvessa and mumbles some strange words.
Duvessa seems to speed up.
The leopard gecko zombie bites you but does no damage.
The ogre hits you with a +0 giant club!
You die... .## ..# PP #.# P_PP #.# PPcP #.# PPPP.

#.#
.....###)######
#.[.e@O....#
#....Z.....#
#.e.(......#
#.....(...<#
############


You could see Duvessa, an ogre, Dowan and a leopard gecko zombie.

Vanquished Creatures
  A centaur (D:3)
  Jessica (D:3)
  An iguana (D:4)
  Ijyb (D:3)
  Natasha (thrice) (D:2)
  2 worker ants (D:4)
  5 adders
  7 gnolls
  An ooze (D:1)
  A dart slug (D:2)
  A leopard gecko (D:3)
  6 orcs
  5 giant cockroaches
  5 hobgoblins
  12 jackals
  2 quokkas (D:4)
  9 bats
  2 frilled lizards (D:3)
  7 goblins
  9 kobolds
  11 rats
92 creatures vanquished.

Vanquished Creatures (others)
  A wizard (D:4)
1 creature vanquished.

Grand Total: 93 creatures vanquished

Notes
Turn   | Place    | Note
-------+----------+-------------------------------------------
     0 | D:1      | Grothbar the Ghoul Gladiator began the quest for the Orb.
     0 | D:1      | Reached XP level 1. HP: 17/17 MP: 0/0
   306 | D:1      | Reached XP level 2. HP: 24/24 MP: 1/1
   881 | D:1      | Reached XP level 3. HP: 25/30 MP: 2/2
   958 | D:2      | Noticed Natasha
   964 | D:2      | Killed Natasha
   964 | D:2      | Reached skill level 4 in Unarmed Combat
  1041 | D:2      | Reached XP level 4. HP: 32/36 MP: 3/3
  1068 | D:2      | Noticed Natasha
  1078 | D:2      | Killed Natasha
  1193 | D:2      | Noticed Natasha
  1202 | D:2      | Killed Natasha
  1208 | D:2      | Found a shadowy altar of Dithmenos.
  1240 | D:2      | Reached skill level 5 in Unarmed Combat
  1240 | D:2      | Reached XP level 5. HP: 42/42 MP: 4/4
  1660 | D:2      | Reached skill level 1 in Stealth
  2008 | D:3      | Noticed Jessica
  2026 | D:3      | Killed Jessica
  2377 | D:3      | Noticed a centaur
  2387 | D:3      | Killed a centaur
  2387 | D:3      | Reached skill level 6 in Unarmed Combat
  2387 | D:3      | Reached XP level 6. HP: 13/50 MP: 5/5
  2908 | D:3      | Found an opulent altar of Gozag.
  3054 | D:3      | Noticed Ijyb
  3097 | D:3      | Killed Ijyb
  3820 | D:4      | Reached XP level 7. HP: 50/56 MP: 6/6
  3969 | D:4      | Reached skill level 7 in Unarmed Combat
  4080 | D:4      | Found a bloodstained altar of Trog.
  4082 | D:4      | Noticed a wizard
  4087 | D:4      | Became a worshipper of Trog the Wrathful
  4087 | D:4      | Killed a wizard
  4176 | D:5      | Entered Level 5 of the Dungeon
  4180 | D:5      | Noticed Dowan
  4181 | D:5      | Found a blossoming altar of Fedhas.
  4183 | D:5      | Noticed Duvessa
  4207 | D:5      | Slain by an ogre

Skill      XL: |  1  2  3  4  5  6  7 |
---------------+----------------------+-----
Dodging        | 3 |  3.5
Unarmed Combat | 4 5 6 7 |  7.0
Stealth        | 2 3 |  3.5
Fighting       | |  2.7
Throwing       | |  1.8
Armour         | |  0.5

Action                   |  1- 3 |  4- 6 |  7- 9 || total
-------------------------+-------+-------+-------++-------
Melee: Unarmed           |    79 |   277 |    19 ||   375
       Punch             |     1 |     4 |     1 ||     6
 Stab: Distracted        |       |     1 |       ||     1
       Sleeping          |       |     1 |       ||     1
  Eat: Chunk             |     4 |    10 |     2 ||    16
Armor: Leather armour    |    30 |    91 |    11 ||   132
Dodge: Dodged            |    43 |   168 |    12 ||   223
